Map: Catalyseur EC

Players

zuka - Winner!

  • Race: Protoss Protoss
  • League: Master
  • Spawn Location: 11:00

YYFYYF

  • Race: Zerg Zerg
  • League: Master
  • Spawn Location: 5:00

VOD

Have the link to the VOD?

Description

Time

  • Played on: June 11, 2018, 3:52 p.m.
  • Length: 6:00
Show
View Real Time Build Order
Export as new Build Order

zuka Protoss - Winner!

Build Orders:  

Get SALT Encoding   

  12  0:00  Probe  
  13  0:12  Probe  
  14  0:21  Pylon, Probe  
  15  0:36  Probe  
  15  0:40  Gateway  
  16  0:48  Probe  
  16  0:49  Assimilator  
  17  0:56  Probe  
  18  1:05  Probe  
  18  1:06  Forge  
  19  1:14  Probe  
  20  1:23  Pylon  
  20  1:26  Probe  
  21  1:34  Cybernetics Core  
  21  1:43  Photon Cannon  
  22  1:47  Probe  
  22  1:55  Assimilator  
  22  2:10  Nexus  
  22  2:16  Pylon  
  22  2:22  Assimilator  
  22  2:23  Probe  
  22  2:29  Warp Gate  
  23  2:35  Probe  
  24  2:44  Sentry  
  26  2:47  Probe  
  27  2:55  Twilight Council  
  27  2:59  Probe  
  28  3:11  Probe  
  29  3:19  Robotics Facility, Probe  
  29  3:22  Probe  
  31  3:27  Probe  
  31  3:31  Resonating Glaives  
  32  3:34  Probe  
  32  3:35  Gateway  
  32  3:38  Gateway  
  32  3:39  Probe  
  34  3:46  Probe  
  35  3:48  Probe  
  35  3:52  Adept  
  35  3:54  Warp Prism  
  38  3:56  Probe  
  38  3:58  Probe  
  40  4:05  Probe  
  43  4:11  Probe  
  43  4:14  Gateway  
  44  4:18  Pylon  
  44  4:31  Immortal  
  48  4:39  Adept  
  50  4:47  Pylon  
  50  4:50  Gateway  
  50  4:51  Gateway  
  50  4:54  Gateway  
  50  4:55  Sentry  
  50  4:57  Sentry  
  54  5:00  Immortal  
  54  5:06  Pylon  
  54  5:14  Adept x2  
  62  5:28  Adept x2  
  52  5:39  Adept x2  
  48  5:47  Probe x2  
Show
View Real Time Build Order
Export as new Build Order

YYFYYF Zerg 

Build Orders: Pool First 

Get SALT Encoding   

  12  0:01  Drone  
  13  0:22  Spawning Pool  
  13  0:26  Drone  
  13  0:31  Drone  
  14  0:40  Overlord  
  14  1:09  Zergling x6  
  17  1:19  Queen  
  17  1:21  Zergling x2  
  20  1:31  Zergling x2  
  21  1:38  Hatchery  
  20  1:42  Zergling x2  
  20  1:45  Extractor  
  20  1:52  Zergling x2  
  21  2:02  Zergling x2  
  22  2:23  Overlord  
  22  2:45  Drone x4  
  22  2:50  Drone, Queen  
  31  2:58  Drone  
  32  3:07  Lair  
  30  3:16  Overlord  
  30  3:17  Drone  
  30  3:18  Drone x2  
  33  3:24  Drone x2  
  35  3:29  Drone  
  36  3:36  Drone x2  
  36  3:37  Drone  
  39  3:46  Roach Warren  
  38  3:51  Overlord  
  38  3:59  Queen  
  40  4:16  Nydus Network  
  39  4:19  Queen  
  41  4:27  Overlord  
  41  4:36  Queen  
  43  4:41  Roach  
  45  4:53  Zergling x2  
  45  4:54  Zergling x2, Queen  
  49  5:04  Nydus Canal  
  49  5:12  Roach, Queen  
  53  5:16  Zergling x4  
  50  5:31  Roach x2  
Tags
 
Add a new tag
Caveats
  • Supply blocks, unpowered buildings, or Contaminate may cause inaccurate times.
  • Supply counts are checked every 10 seconds.